[Event "FIDE Open A - Konik"]
[Site "?"]
[Date "2013.05.02"]
[Round "6.6"]
[White "Berzinsh, Roland"]
[Black "Firt, Stanislav"]
[Result "1-0"]
[ECO "C17"]
[WhiteElo "2411"]
[BlackElo "2260"]
[PlyCount "91"]
[EventDate "2013.??.??"]
[TimeControl "6000+1050"]
[WhiteClock "0:21:01"]
[BlackClock "0:34:25"]

1. e4 e6 2. d4 d5 3. Nc3 Bb4 4. e5 c5 5. a3 Ba5 6. b4 cxd4 7. Nb5 Bc7 8. f4 Ne7
9. Nf3 Bd7 10. Nxc7+ Qxc7 11. Bd3 Nf5 12. Bb2 Nc6 13. Bxf5 exf5 14. O-O Rc8 15.
Bxd4 Nxd4 16. Nxd4 Qb6 17. Qd2 O-O 18. Rfe1 Rc4 19. c3 Rfc8 20. Re3 Qc7 21. Rc1
a5 22. Ne2 Qb6 23. Kh1 g6 24. h3 h5 25. Rd3 Be6 26. Rf1 Kg7 27. Kh2 h4 28. Nd4
Rh8 29. Qf2 Qa6 30. Rfd1 Bd7 31. Nb3 Be6 32. Nd4 Bd7 33. R1d2 a4 34. Nc2 Be6
35. Ne3 Re4 36. Nxd5 Qc4 37. Rd4 Qb3 38. Nf6 Rxd4 39. cxd4 Qxa3 40. d5 Bc8 41.
b5 b6 42. Rc2 Qb3 43. Rc7 a3 44. Ra7 Qb2 45. Qxb6 Rf8 46. Ne8+ 1-0

[Event "FIDE Open A - Konik"]
[Site "?"]
[Date "2013.05.02"]
[Round "6.7"]
[White "Minko, Vladimir"]
[Black "Kutynec, Vladimir"]
[Result "1-0"]
[ECO "E11"]
[WhiteElo "2252"]
[BlackElo "2290"]
[PlyCount "80"]
[EventDate "2013.??.??"]
[TimeControl "6000+1095"]
[WhiteClock "0:03:07"]
[BlackClock "0:31:00"]

1. d4 e6 2. c4 Nf6 3. Nf3 Bb4+ 4. Nbd2 b6 5. g3 Bb7 6. Bg2 O-O 7. a3 Be7 8. O-O
c5 9. b3 cxd4 10. Bb2 d6 11. Bxd4 Nbd7 12. Qb1 h6 13. Rd1 Qc7 14. Qb2 a6 15. b4
Rac8 16. Rac1 e5 17. Bc3 Ne8 18. Ne1 f5 19. Bxb7 Qxb7 20. Ng2 b5 21. cxb5 axb5
22. Qb3+ Kh8 23. Qe6 Nb6 24. f4 Nc4 25. Nxc4 Rxc4 26. fxe5 Bg5 27. Bd2 Nc7 28.
Qg6 Qa7+ 29. Kf1 f4 30. gxf4 Nd5 31. Rxc4 bxc4 32. Qe4 Nxf4 33. Bxf4 Bxf4 34.
Nxf4 g5 35. e3 gxf4 36. exf4 Qf7 37. exd6 c3 38. Qe5+ Kg8 39. Qd5 c2 40. Qxf7+
Rxf7 1-0

[Event "FIDE Open A - Konik"]
[Site "?"]
[Date "2013.05.02"]
[Round "6.8"]
[White "Kociscak, Jiri"]
[Black "Orzechowski, Jacek"]
[Result "0-1"]
[ECO "E81"]
[WhiteElo "2424"]
[BlackElo "2219"]
[PlyCount "68"]
[EventDate "2013.??.??"]
[TimeControl "6000+1505"]
[WhiteClock "0:19:47"]
[BlackClock "0:00:39"]

1. d4 Nf6 2. c4 g6 3. Nc3 Bg7 4. e4 d6 5. f3 O-O 6. Bg5 c5 7. d5 h6 8. Be3 e6
9. Qd2 exd5 10. cxd5 Re8 11. Nge2 Nbd7 12. Ng3 h5 13. Be2 a6 14. a4 h4 15. Nf1
Nh7 16. Qc1 Rb8 17. Nd2 h3 18. g3 Ne5 19. O-O Bd7 20. Qd1 b5 21. f4 Nc4 22.
Nxc4 bxc4 23. Qc2 Rb4 24. Bf3 Qb6 25. Ra2 Bd4 26. Bf2 Rb8 27. a5 Qb7 28. Na4
Bxa4 29. Rxa4 Rxb2 30. Qxc4 Rxf2 31. Rxf2 Qb1+ 32. Qf1 Qxf1+ 33. Kxf1 Rb1+ 34.
Bd1 Bxf2 0-1

[Event "FIDE Open A - Konik"]
[Site "?"]
[Date "2013.05.02"]
[Round "6.9"]
[White "Bartos, Jan"]
[Black "Zwardon, Vojtech"]
[Result "0-1"]
[ECO "A52"]
[WhiteElo "2160"]
[BlackElo "2417"]
[PlyCount "84"]
[EventDate "2013.??.??"]
[TimeControl "6000+2270"]
[WhiteClock "0:14:00"]
[BlackClock "0:31:12"]

1. d4 Nf6 2. c4 e5 3. dxe5 Ng4 4. Nf3 Bc5 5. e3 Nc6 6. Nc3 O-O 7. Be2 Re8 8.
O-O a5 9. b3 Ncxe5 10. Nxe5 Nxe5 11. Bb2 Ra6 12. Qd5 Ba7 13. c5 Rh6 14. f4 Nc6
15. Bc4 Qe7 16. Nb5 Bxc5 17. Rf3 d6 18. Re1 Nb4 19. Qg5 Rg6 20. Qxe7 Rxe7 21.
f5 Rh6 22. f6 gxf6 23. Bxf6 Rxf6 24. Rxf6 d5 25. Bf1 Nc2 26. Rb1 Nxe3 27. Kh1
c6 28. Nc3 Bf5 29. Rc1 Bd4 30. Rxf5 Nxf5 31. Ne2 Be3 32. Rd1 Bc5 33. Rc1 Be3
34. Rd1 Bb6 35. Nf4 Re4 36. Nh5 Rh4 37. g4 Ne3 38. Re1 Kf8 39. Be2 Bc7 40. Bf3
Rxh2+ 41. Kg1 Rxa2 42. Nf6 Bg3 0-1

[Event "FIDE Open A - Konik"]
[Site "?"]
[Date "2013.05.02"]
[Round "6.10"]
[White "Blahynka, Martin"]
[Black "Michenka, Jozef"]
[Result "1/2-1/2"]
[ECO "B57"]
[WhiteElo "2155"]
[BlackElo "2355"]
[PlyCount "127"]
[EventDate "2013.??.??"]
[TimeControl "6000+2500"]
[WhiteClock "0:05:05"]
[BlackClock "0:02:53"]

1. e4 c5 2. Nf3 Nc6 3. d4 cxd4 4. Nxd4 Nf6 5. Nc3 d6 6. Bc4 Qb6 7. Nb3 e6 8.
O-O Be7 9. Bd3 O-O 10. Be3 Qc7 11. f4 a6 12. g4 Nd7 13. g5 Re8 14. Qh5 g6 15.
Qh4 b5 16. Rf3 b4 17. Ne2 Nf8 18. Raf1 Bb7 19. Rh3 Bd8 20. f5 exf5 21. exf5 Ne5
22. f6 h5 23. Nf4 Ng4 24. Bd4 Qc6 25. Rhf3 Ne5 26. Rg3 Ng4 27. Rgf3 Ne5 28. Rg3
Qh1+ 29. Kf2 Ng4+ 30. Rxg4 Qf3+ 31. Kg1 Qh1+ 32. Kf2 Qf3+ 33. Kg1 Qxg4+ 34.
Qxg4 hxg4 35. Nxg6 Nxg6 36. Bxg6 Re2 37. Rf4 Rg2+ 38. Kf1 Rxh2 39. Be4 d5 40.
Bd3 Bc7 41. Rxg4 Bc8 42. Rg1 Bh3+ 43. Ke1 Bg2 44. g6 Bg3+ 45. Kd1 Re8 46. gxf7+
Kxf7 47. Bxa6 Re4 48. Bb7 Rxd4+ 49. Nxd4 Bf2 50. Rxg2 Rxg2 51. Bxd5+ Kxf6 52.
Bxg2 Bxd4 53. a3 bxa3 54. bxa3 Ke5 55. Kd2 Kd6 56. c3 Bb6 57. Kc2 Kc5 58. Kb3
Ba5 59. c4 Be1 60. Bd5 Ba5 61. Kc2 Bd8 62. Kd3 Ba5 63. Ke4 Kd6 64. Kf5 {Ke5+
Ke4+} 1/2-1/2

[Event "FIDE Open A - Konik"]
[Site "?"]
[Date "2013.05.02"]
[Round "6.11"]
[White "Zabystrzan, Pavel"]
[Black "Kozák, Milos"]
[Result "1/2-1/2"]
[ECO "D47"]
[WhiteElo "2308"]
[BlackElo "2175"]
[PlyCount "51"]
[EventDate "2013.??.??"]
[TimeControl "6000+650"]
[WhiteClock "0:21:37"]
[BlackClock "0:46:22"]

1. Nf3 d5 2. c4 c6 3. e3 Nf6 4. Nc3 e6 5. d4 Nbd7 6. Bd3 dxc4 7. Bxc4 b5 8. Bd3
Bb7 9. e4 b4 10. Na4 c5 11. e5 Nd5 12. Nxc5 Nxc5 13. dxc5 Bxc5 14. O-O h6 15.
Qe2 Qb6 16. Bd2 Rd8 17. a3 a5 18. axb4 axb4 19. Rfc1 Ne7 20. Be1 O-O 21. Be4
Bxe4 22. Qxe4 Rd5 23. g3 Rfd8 24. Kg2 Nc6 25. Rc2 Nd4 26. Qe2 1/2-1/2

[Event "FIDE Open A - Konik"]
[Site "?"]
[Date "2013.05.02"]
[Round "6.12"]
[White "Jaworski, Miroslaw"]
[Black "Szotkowski, Jakub"]
[Result "1-0"]
[ECO "A58"]
[WhiteElo "2286"]
[BlackElo "2135"]
[PlyCount "75"]
[EventDate "2013.??.??"]
[TimeControl "6000+1350"]
[WhiteClock "0:19:11"]
[BlackClock "0:14:45"]

1. d4 Nf6 2. c4 c5 3. d5 b5 4. cxb5 a6 5. bxa6 g6 6. Nc3 Bxa6 7. g3 d6 8. Bg2
Bg7 9. Nf3 Nbd7 10. Rb1 Qa5 11. Bd2 O-O 12. O-O Rfb8 13. Qc2 Qd8 14. b3 Nb6 15.
Nh4 Ne8 16. Rfd1 Nc7 17. a4 Qe8 18. e4 c4 19. Bf1 cxb3 20. Rxb3 Bxf1 21. Rxf1
Nd7 22. Rxb8 Rxb8 23. Rb1 Nc5 24. a5 Ra8 25. Ne2 Nb5 26. Bb4 Na6 27. Qa4 Rb8
28. Nf3 Qc8 29. Nd2 Nd4 30. Nxd4 Bxd4 31. Ba3 Qc3 32. Rxb8+ Nxb8 33. Qb4 Qa1+
34. Kg2 Na6 35. Nb3 Nxb4 36. Nxa1 Bxa1 37. Bxb4 Bd4 38. Bd2 1-0

[Event "FIDE Open A - Konik"]
[Site "?"]
[Date "2013.05.02"]
[Round "6.13"]
[White "Nguyen, Thai Dai Van"]
[Black "Obrusnik, Michal"]
[Result "1-0"]
[ECO "B92"]
[WhiteElo "2132"]
[BlackElo "2243"]
[PlyCount "59"]
[EventDate "2013.??.??"]
[TimeControl "6000+1200"]
[WhiteClock "0:26:55"]
[BlackClock "0:05:09"]

1. e4 c5 2. Nf3 d6 3. d4 cxd4 4. Nxd4 Nf6 5. Nc3 a6 6. Be2 e5 7. Nb3 Be7 8. O-O
O-O 9. a4 Be6 10. Bf3 Qc7 11. Re1 Rc8 12. Be3 Nbd7 13. a5 h6 14. h3 Qc6 15. Re2
Nf8 16. Kh2 Ng6 17. g3 Qd7 18. Bg2 Ne8 19. Rd2 Rc4 20. Nc5 Qc6 21. Nxe6 fxe6
22. Qg4 Kf7 23. Qe2 Nf6 24. f4 Rc8 25. f5 Nf8 26. Rf1 Rb4 27. fxe6+ Nxe6 28.
Nd5 Rxb2 29. Qh5+ g6 30. Qf3 1-0

[Event "FIDE Open A - Konik"]
[Site "?"]
[Date "2013.05.02"]
[Round "6.14"]
[White "Karhánek, Pavel"]
[Black "Mrva, Vladimir"]
[Result "1-0"]
[ECO "A45"]
[WhiteElo "2030"]
[BlackElo "2185"]
[PlyCount "75"]
[EventDate "2013.??.??"]
[TimeControl "6000+705"]
[WhiteClock "0:08:21"]
[BlackClock "0:00:52"]

1. d4 Nf6 2. Bf4 e6 3. e3 d5 4. Nf3 Nbd7 5. Nbd2 Nh5 6. Bg5 Be7 7. Bxe7 Qxe7 8.
Ne5 Nhf6 9. Nxd7 Nxd7 10. f4 c5 11. c3 O-O 12. Nf3 f6 13. Bb5 a6 14. Bxd7 Bxd7
15. O-O Be8 16. Qe1 Bg6 17. Qh4 Rfe8 18. Rf2 b5 19. g4 a5 20. Qg3 b4 21. h4
bxc3 22. bxc3 Rab8 23. h5 Bd3 24. Kh2 a4 25. g5 Kh8 26. h6 gxh6 27. gxf6 Qxf6
28. Ne5 Rg8 29. Qh3 Rg7 30. Nxd3 c4 31. Ne5 a3 32. Rg1 Rxg1 33. Kxg1 Rb1+ 34.
Kh2 Rb2 35. Rg2 h5 36. Qxh5 h6 37. Qe8+ Kh7 38. Qg8# 1-0

[Event "FIDE Open A - Konik"]
[Site "?"]
[Date "2013.05.02"]
[Round "6.15"]
[White "Malík, Jan"]
[Black "Rakús, Pavel"]
[Result "0-1"]
[ECO "B31"]
[WhiteElo "2265"]
[BlackElo "2144"]
[PlyCount "74"]
[EventDate "2013.??.??"]
[TimeControl "6000+1095"]
[WhiteClock "0:19:52"]
[BlackClock "0:15:35"]

1. e4 c5 2. Nf3 Nc6 3. Bb5 g6 4. Bxc6 dxc6 5. h3 Bg7 6. d3 e5 7. Nc3 Ne7 8. Be3
b6 9. Qd2 h5 10. Nh2 Be6 11. f4 exf4 12. Bxf4 Qd7 13. Nf3 Rd8 14. O-O-O b5 15.
g4 a5 16. e5 Nd5 17. Bg5 Nxc3 18. Qxc3 Ra8 19. Qxc5 Bd5 20. Rhf1 hxg4 21. hxg4
Bf8 22. e6 Bxc5 23. exd7+ Kxd7 24. Ne5+ Kc7 25. Nxf7 Rhf8 26. Bf4+ Kb6 27. Ne5
Rxf4 28. Nd7+ Kc7 29. Nxc5 Rxg4 30. Rde1 Rh8 31. b4 axb4 32. Rf6 Rh2 33. Re7+
Kb6 34. Nd7+ Ka5 35. Ne5 Rg1+ 36. Kb2 Rhh1 37. Nxc6+ Bxc6 0-1

[Event "FIDE Open A - Konik"]
[Site "?"]
[Date "2013.05.02"]
[Round "6.16"]
[White "Furman, Boris"]
[Black "Ockay, Tomás"]
[Result "1-0"]
[ECO "E21"]
[WhiteElo "2223"]
[BlackElo "2146"]
[PlyCount "49"]
[EventDate "2013.??.??"]
[TimeControl "6000+685"]
[WhiteClock "0:53:23"]
[BlackClock "0:58:59"]

1. d4 Nf6 2. c4 e6 3. Nc3 Bb4 4. Nf3 b6 5. Bg5 Bb7 6. e3 h6 7. Bh4 c5 8. a3
Bxc3+ 9. bxc3 O-O 10. Bd3 d5 11. cxd5 exd5 12. Bb1 Qd6 13. Bxf6 Qxf6 14. g4 Nd7
15. g5 Qd6 16. Qd3 g6 17. gxh6 Qf6 18. Rg1 Rfe8 19. Ng5 Nf8 20. h4 Bc8 21. h5
Kh8 22. Nxf7+ Qxf7 23. hxg6 Nxg6 24. Qxg6 Rf8 25. Qg7+ 1-0

[Event "FIDE Open A - Konik"]
[Site "?"]
[Date "2013.05.02"]
[Round "6.1"]
[White "Veselý, Martin"]
[Black "Miculka, Petr"]
[Result "1-0"]
[ECO "E97"]
[WhiteElo "2178"]
[BlackElo "2018"]
[PlyCount "53"]
[EventDate "2013.??.??"]
[TimeControl "5400+990"]
[WhiteClock "0:32:17"]
[BlackClock "0:20:55"]

1. d4 Nf6 2. Nf3 g6 3. c4 Bg7 4. Nc3 d6 5. e4 O-O 6. Be2 e5 7. O-O Nc6 8. d5
Ne7 9. b4 Nh5 10. Re1 h6 11. c5 Nf4 12. Bf1 g5 13. Nd2 g4 14. a4 Neg6 15. cxd6
cxd6 16. Nc4 f5 17. Ra3 Rf7 18. Nb5 Bf8 19. Ne3 Nh4 20. exf5 h5 21. Kh1 Nxf5
22. Nxf5 Bxf5 23. Bxf4 exf4 24. Nd4 Bg7 25. Ne6 Qb6 26. Qd2 Rc8 27. a5 1-0

[Event "FIDE Open A - Konik"]
[Site "?"]
[Date "2013.05.02"]
[Round "6.2"]
[White "Bures, Martin"]
[Black "Taus, Martin"]
[Result "1/2-1/2"]
[ECO "B07"]
[WhiteElo "2147"]
[BlackElo "2169"]
[PlyCount "105"]
[EventDate "2013.??.??"]
[TimeControl "6000+1075"]
[WhiteClock "0:02:51"]
[BlackClock "0:24:46"]

1. e4 d6 2. d4 Nf6 3. Nc3 e5 4. Nge2 exd4 5. Nxd4 Be7 6. Be2 O-O 7. g4 d5 8. e5
Ne4 9. Nxe4 dxe4 10. Bf4 Bc5 11. Nf5 Bxf5 12. gxf5 e3 13. fxe3 Qh4+ 14. Kd2
Rd8+ 15. Bd3 Nc6 16. Qf3 Qe7 17. f6 Qe6 18. Rhg1 g6 19. Rg5 Qc4 20. Ke2 Rxd3
21. cxd3 Qc2+ 22. Kf1 Qxd3+ 23. Kg2 Qd2+ 24. Kh1 Qxb2 25. Rag1 Qxa2 26. e6 Qxe6
27. Rxc5 Qxf6 28. Qd5 Rd8 29. Rxc6 bxc6 30. Bg5 Qd6 31. Qxd6 Rxd6 32. Ra1 f6
33. Bf4 Re6 34. Rxa7 g5 35. Bxc7 Rxe3 36. Bd8 Re6 37. Kg2 Rd6 38. Bb6 h5 39.
Rc7 Re6 40. Kf3 f5 41. Bd4 Rg6 42. Ra7 h4 43. Ra5 g4+ 44. Kf4 g3 45. hxg3 Rxg3
46. Rxf5 Rd3 47. Ke4 Rg3 48. Rh5 Rg4+ 49. Ke5 Kf7 50. Bf2 Kg6 51. Rh8 Kg7 52.
Rxh4 Rxh4 53. Bxh4 1/2-1/2

[Event "FIDE Open A - Konik"]
[Site "?"]
[Date "2013.05.02"]
[Round "6.3"]
[White "Chromík, Tomás"]
[Black "Kapusta, Petr"]
[Result "1-0"]
[ECO "E94"]
[WhiteElo "1885"]
[BlackElo "2165"]
[PlyCount "41"]
[EventDate "2013.??.??"]
[TimeControl "6000+860"]
[WhiteClock "0:35:05"]
[BlackClock "0:47:15"]

1. d4 Nf6 2. c4 g6 3. Nc3 Bg7 4. e4 d6 5. Nf3 O-O 6. Be2 e5 7. O-O Na6 8. d5
Nc5 9. Qc2 a5 10. Ne1 Nfd7 11. Bg4 f5 12. Bh3 Nf6 13. f3 fxe4 14. Bxc8 Qxc8 15.
fxe4 Nfxe4 16. Rxf8+ Qxf8 17. Nxe4 Qf5 18. Nxc5 e4 19. Ne6 Rf8 20. Qe2 Bd4+ 21.
Nxd4 1-0

[Event "FIDE Open A - Konik"]
[Site "?"]
[Date "2013.05.02"]
[Round "6.4"]
[White "Miculka, David"]
[Black "Slanina, Miroslav"]
[Result "0-1"]
[ECO "C10"]
[WhiteElo "1877"]
[BlackElo "2162"]
[PlyCount "74"]
[EventDate "2013.??.??"]
[TimeControl "6000+1250"]
[WhiteClock "0:09:20"]
[BlackClock "0:01:58"]

1. e4 e6 2. d4 d5 3. Nd2 dxe4 4. Nxe4 Nd7 5. Nf3 Ngf6 6. Nxf6+ Nxf6 7. Ne5 Be7
8. Be2 O-O 9. O-O c6 10. b3 Qc7 11. Bf3 Rd8 12. Bb2 c5 13. c3 Bd7 14. Qe2 cxd4
15. cxd4 Qb6 16. Nc4 Qa6 17. Qe5 Bc6 18. Be2 Bd5 19. Rfe1 Rac8 20. f4 Bb4 21.
Rf1 Be4 22. Qg5 Nd5 23. Qh5 b5 24. a3 Bc3 25. Bxc3 Nxc3 26. Ne5 g6 27. Qg4 h5
28. Qg5 Nxe2+ 29. Kf2 Nc3 30. g4 hxg4 31. Qf6 Qb7 32. Nxg4 Nd5 33. Nh6+ Kh7 34.
Qh4 Rc2+ 35. Ke1 Qe7 36. Qh3 Kg7 37. Ng4 Rh8 0-1

[Event "FIDE Open A - Konik"]
[Site "?"]
[Date "2013.05.02"]
[Round "6.5"]
[White "Kula, Dominik"]
[Black "Krouzel, Jaroslav"]
[Result "1/2-1/2"]
[ECO "C17"]
[WhiteElo "1854"]
[BlackElo "2153"]
[PlyCount "51"]
[EventDate "2013.??.??"]
[TimeControl "6000+1260"]
[WhiteClock "0:32:27"]
[BlackClock "0:30:16"]

1. e4 e6 2. d4 d5 3. Nc3 Bb4 4. e5 c5 5. a3 Ba5 6. b4 cxb4 7. Nb5 Nc6 8. axb4
Bxb4+ 9. c3 Be7 10. Ba3 Bxa3 11. Rxa3 Nh6 12. Nd6+ Kf8 13. Bd3 f5 14. h3 Nf7
15. Nxf7 Kxf7 16. g4 Rf8 17. gxf5 exf5 18. Qh5+ Kg8 19. Ne2 Qe8 20. Qf3 Be6 21.
Rg1 Kh8 22. Rb3 Qf7 23. Nf4 b6 24. h4 Rac8 25. Kd2 Ne7 26. h5 1/2-1/2

[Event "FIDE Open A - Konik"]
[Site "?"]
[Date "2013.05.02"]
[Round "6.6"]
[White "Marek, Matyás"]
[Black "Holemár, David"]
[Result "0-1"]
[ECO "A37"]
[WhiteElo "2004"]
[BlackElo "2285"]
[PlyCount "98"]
[EventDate "2013.??.??"]
[TimeControl "6000+820"]
[WhiteClock "0:27:57"]
[BlackClock "0:23:41"]

1. Nf3 c5 2. c4 g6 3. g3 Nc6 4. Bg2 Bg7 5. Nc3 d6 6. O-O e5 7. d3 Nge7 8. Ne1
O-O 9. Nc2 Be6 10. Rb1 Qd7 11. Ne3 Bh3 12. Ned5 Bxg2 13. Kxg2 Nxd5 14. Nxd5 f5
15. f4 Rae8 16. e3 b6 17. b3 Rf7 18. Bb2 Ne7 19. Nxe7+ Rfxe7 20. Qf3 e4 21.
dxe4 Rxe4 22. Rfe1 Bd4 23. Bc1 Qe6 24. Kf2 Kf7 25. Bd2 Bf6 26. Rbd1 Rd8 27. Bc1
d5 28. cxd5 Rxd5 29. Rxd5 Qxd5 30. Rd1 Qc6 31. Qe2 c4 32. g4 fxg4 33. Qxg4 cxb3
34. axb3 Qc2+ 35. Kg3 Qxb3 36. h4 Re7 37. h5 Qc2 38. Rh1 b5 39. Qh3 b4 40.
hxg6+ hxg6 41. Qh7+ Bg7 42. Rf1 Qf5 43. Rf3 Qh5 44. Qxh5 gxh5 45. Rf2 a5 46.
Kf3 a4 47. e4 Rc7 48. Be3 Bc3 49. e5 b3 0-1

[Event "FIDE Open A - Konik"]
[Site "?"]
[Date "2013.05.02"]
[Round "6.7"]
[White "Kufa, Pavel"]
[Black "Chlevistan, Jakub"]
[Result "1/2-1/2"]
[ECO "B21"]
[WhiteElo "2214"]
[BlackElo "2075"]
[PlyCount "81"]
[EventDate "2013.??.??"]
[TimeControl "6000+1940"]
[WhiteClock "0:00:52"]
[BlackClock "0:03:36"]

1. e4 c5 2. d4 cxd4 3. c3 Nf6 4. e5 Nd5 5. cxd4 e6 6. Nc3 Nc6 7. Nxd5 exd5 8.
Nf3 Bb4+ 9. Bd2 Bxd2+ 10. Qxd2 O-O 11. Bd3 d6 12. O-O Bg4 13. Qf4 Bxf3 14. Qxf3
dxe5 15. dxe5 Nxe5 16. Bxh7+ Kxh7 17. Qh5+ Kg8 18. Qxe5 Re8 19. Qf5 g6 20. Qd3
Rc8 21. Rad1 b6 22. f4 Qf6 23. Rf2 d4 24. g4 Re3 25. Qxd4 Re1+ 26. Kg2 Qc6+ 27.
Kg3 Re4 28. Qd5 Qa4 29. Rdd2 Qe8 30. h3 Re1 31. f5 Qe3+ 32. Rf3 Rg1+ 33. Kh2
Qe1 34. Rff2 g5 35. Rde2 Qc1 36. Re7 Rf8 37. Qd2 Rh1+ 38. Kg3 Rg1+ 39. Kh2 Rh1+
40. Kg3 Rg1+ 41. Kh2 1/2-1/2

[Event "FIDE Open A - Konik"]
[Site "?"]
[Date "2013.05.02"]
[Round "6.8"]
[White "Kondula, Lukás"]
[Black "Zidek, Václav"]
[Result "1/2-1/2"]
[ECO "C26"]
[WhiteElo "1968"]
[BlackElo "2190"]
[PlyCount "199"]
[EventDate "2013.??.??"]
[TimeControl "6000+1110"]
[WhiteClock "0:27:50"]
[BlackClock "0:46:55"]

1. e4 e5 2. Nc3 Nf6 3. g3 d5 4. exd5 Nxd5 5. Bg2 Nxc3 6. bxc3 Bd6 7. Ne2 O-O 8.
O-O c6 9. d4 Bg4 10. h3 Be6 11. f4 exd4 12. Nxd4 Bc4 13. Re1 Qa5 14. Bd2 Nd7
15. Qg4 Nf6 16. Qg5 Qxg5 17. fxg5 Nh5 18. g4 Nf4 19. Bf1 Bxf1 20. Rxf1 Ne6 21.
Rab1 Rab8 22. Be3 Bc5 23. Rf5 g6 24. Re5 Bxd4 25. cxd4 b6 26. c4 Rfe8 27. d5
cxd5 28. cxd5 Nc5 29. Rxe8+ Rxe8 30. Bxc5 bxc5 31. Rb7 Rd8 32. h4 Rxd5 33. Rxa7
Rd4 34. Kg2 Rxg4+ 35. Kh3 Rb4 36. a4 c4 37. a5 c3 38. Rc7 Rb3 39. a6 Ra3 40.
Kg4 Rxa6 41. Rxc3 Ra4+ 42. Kg3 Kg7 43. Rc7 Re4 44. Ra7 Re1 45. Kg2 Re5 46. Kg3
Rf5 47. Rb7 Rf1 48. Kg2 Ra1 49. Rc7 Ra3 50. Rb7 Ra5 51. Kg3 Ra4 52. Rc7 Kf8 53.
Rc8+ Kg7 54. Rc7 Ra3+ 55. Kg2 Ra5 56. Kg3 Rf5 57. Rb7 h6 58. Kg4 Rf1 59. Kg3
Rf5 60. Kg4 hxg5 61. hxg5 Rf1 62. Ra7 Rg1+ 63. Kf4 Kf8 64. Rb7 Rf1+ 65. Kg4 Rf5
66. Ra7 Ke8 67. Rb7 Kd8 68. Ra7 Kc8 69. Re7 Kd8 70. Ra7 Ke8 71. Rb7 Kf8 72. Ra7
Re5 73. Kf4 Re7 74. Ra8+ Re8 75. Ra7 Re7 76. Ra8+ Kg7 77. Ra6 Rb7 78. Rf6 Rb4+
79. Kg3 Kf8 80. Kf3 Ke7 81. Ra6 Rd4 82. Rf6 Rd1 83. Kg4 Rg1+ 84. Kh4 Rg2 85.
Ra6 Rd2 86. Rf6 Rd6 87. Rf3 Rd4+ 88. Kg3 Ke6 89. Rf6+ Ke7 90. Rf3 Re4 91. Rf6
Re1 92. Kg4 Rg1+ 93. Kh4 Rg2 94. Ra6 Rd2 95. Rf6 Rd4+ 96. Kg3 Rd3+ 97. Kg4 Rd4+
98. Kg3 Rd6 99. Rf4 f6 100. Rxf6 1/2-1/2

[Event "FIDE Open A - Konik"]
[Site "?"]
[Date "2013.05.02"]
[Round "6.9"]
[White "Potomák, Vladimír"]
[Black "Dostál, Radim"]
[Result "1-0"]
[ECO "A64"]
[WhiteElo "2187"]
[BlackElo "2036"]
[PlyCount "101"]
[EventDate "2013.??.??"]
[TimeControl "6000+895"]
[WhiteClock "0:27:51"]
[BlackClock "0:00:42"]

1. c4 Nf6 2. d4 c5 3. d5 e6 4. Nc3 exd5 5. cxd5 d6 6. Nf3 g6 7. g3 Bg7 8. Bg2
O-O 9. O-O a6 10. a4 Nbd7 11. Nd2 Re8 12. h3 b6 13. Kh2 Rb8 14. Nc4 Ne5 15.
Nxe5 Rxe5 16. e4 b5 17. axb5 axb5 18. Bf4 Re8 19. Qc2 Qc7 20. Nb1 Nd7 21. Nd2
c4 22. Nb3 Ne5 23. Be3 Bd7 24. Nd4 Rec8 25. f4 Nd3 26. Rfb1 Nc5 27. Ra2 Na4 28.
Rc1 Qa5 29. e5 dxe5 30. Nc6 Bxc6 31. dxc6 Qc7 32. b3 Nb6 33. Re1 Rd8 34. fxe5
Bxe5 35. Bf2 c3 36. Qe4 Bf6 37. Qf3 Bg7 38. Bc5 Re8 39. Rae2 Rxe2 40. Rxe2 Be5
41. Qf2 Na8 42. h4 Re8 43. Ra2 Bd6 44. Bd4 Qe7 45. Bf6 Qe6 46. Bxc3 Qg4 47. Bf6
Nc7 48. Rd2 Re6 49. Bg5 Be7 50. Bh3 Qe4 51. Bxe6 1-0

[Event "FIDE Open A - Konik"]
[Site "?"]
[Date "2013.05.02"]
[Round "6.10"]
[White "Lys, Josef"]
[Black "Dobes, Ludek"]
[Result "1-0"]
[ECO "A49"]
[WhiteElo "2137"]
[BlackElo "2064"]
[PlyCount "145"]
[EventDate "2013.??.??"]
[TimeControl "6000+890"]
[WhiteClock "0:04:54"]
[BlackClock "0:01:14"]

1. d4 Nf6 2. Nf3 g6 3. g3 Bg7 4. Bg2 O-O 5. O-O d6 6. b3 Nbd7 7. Bb2 Re8 8.
Nbd2 e5 9. dxe5 dxe5 10. Nc4 e4 11. Nd4 Nb6 12. Nxb6 axb6 13. c4 Qe7 14. e3 Nd7
15. Qc2 Nc5 16. a4 Qe5 17. Rab1 Nd3 18. Ba1 Qe7 19. Nb5 Bxa1 20. Rxa1 c6 21.
Nd4 Bd7 22. Rfd1 c5 23. Nb5 Bc6 24. Nc3 f5 25. Bf1 Nb4 26. Qb2 Red8 27. Ne2
Rxd1 28. Rxd1 Nd3 29. Qd2 Ne5 30. Qd6 Qxd6 31. Rxd6 Nd3 32. Nc3 Nc1 33. Nd5 Kf7
34. Nxb6 Ra6 35. Nd5 Nxb3 36. g4 fxg4 37. Be2 h5 38. Bd1 Nc1 39. Bc2 Nd3 40.
Nc3 Ne5 41. Bxe4 Ke7 42. Rd1 Bxa4 43. Rd5 Nf3+ 44. Kg2 Bc6 45. Rxc5 Ra1 46.
Bxf3 gxf3+ 47. Kg3 Rg1+ 48. Kf4 Rg4+ 49. Ke5 Rg5+ 50. Kd4 Rg4+ 51. e4 Rh4 52.
Rg5 Rxh2 53. Ke3 Rg2 54. Ra5 Rh2 55. Nd5+ Kd6 56. Nf4 Rh1 57. Nd3 Rh4 58. Nf4
Rh1 59. e5+ Kd7 60. Nxg6 Re1+ 61. Kf4 Re4+ 62. Kf5 Rxc4 63. e6+ Kd6 64. Ne5 Rc1
65. Nxc6 bxc6 66. Ra7 c5 67. Rd7+ Kc6 68. Rd3 Re1 69. Kf6 c4 70. Rxf3 Kd6 71.
Re3 Rxe3 72. fxe3 c3 73. e7 1-0

[Event "FIDE Open A - Konik"]
[Site "?"]
[Date "2013.05.02"]
[Round "6.11"]
[White "Záleský, Karel"]
[Black "Nowak, Maciej"]
[Result "1/2-1/2"]
[ECO "A36"]
[WhiteElo "2100"]
[BlackElo "1975"]
[PlyCount "82"]
[EventDate "2013.??.??"]
[TimeControl "6000+1025"]
[WhiteClock "0:01:18"]
[BlackClock "0:20:28"]

1. c4 c5 2. Nc3 Nc6 3. g3 e5 4. Bg2 Nge7 5. d3 h6 6. e3 g6 7. Nge2 Bg7 8. O-O
d6 9. Nd5 Be6 10. Nec3 Rb8 11. Nxe7 Qxe7 12. Qa4 Qd7 13. Nd5 O-O 14. e4 Kh7 15.
Bd2 f5 16. b4 b6 17. Rab1 Nd4 18. Qxd7 Bxd7 19. b5 fxe4 20. dxe4 Be6 21. Be3
Bxd5 22. exd5 Rf7 23. f4 exf4 24. Bxf4 Ne2+ 25. Kh1 Nxf4 26. Rxf4 Rxf4 27. gxf4
Re8 28. Rf1 Bc3 29. h3 Kg7 30. Kh2 Kf6 31. Rf3 Bd2 32. Bf1 Re4 33. Kg3 Be1+ 34.
Kg2 h5 35. Bd3 Re7 36. Kf1 h4 37. Kg2 Bg3 38. Rf1 Re3 39. Rf3 Re1 40. f5 g5 41.
Rf1 Rxf1 1/2-1/2

[Event "FIDE Open A - Konik"]
[Site "?"]
[Date "2013.05.02"]
[Round "6.12"]
[White "Leks, Maria"]
[Black "Stehlík, Jiri"]
[Result "1-0"]
[ECO "B06"]
[WhiteElo "2091"]
[BlackElo "1981"]
[PlyCount "81"]
[EventDate "2013.??.??"]
[TimeControl "6000+770"]
[WhiteClock "0:01:51"]
[BlackClock "0:00:41"]

1. e4 g6 2. d4 Bg7 3. Nc3 d6 4. f4 a6 5. a4 Nc6 6. Be3 Nf6 7. Be2 O-O 8. e5
dxe5 9. fxe5 Nd5 10. Nxd5 Qxd5 11. Nf3 f6 12. exf6 exf6 13. O-O Bg4 14. h3 Bxf3
15. Bxf3 Qd7 16. c3 Qf7 17. b4 Rab8 18. Qd3 Ne7 19. Bf4 Nf5 20. Rfe1 Nd6 21. b5
axb5 22. axb5 b6 23. Ra7 Rfd8 24. c4 Kh8 25. Bd5 Qd7 26. Bc6 Qf7 27. d5 g5 28.
Bxd6 Rxd6 29. Qf5 Bf8 30. Kh1 Kg8 31. Ra2 Qg6 32. Qf3 Kh8 33. Rae2 Rdd8 34. Re6
Rd6 35. R1e4 Rxe6 36. dxe6 Be7 37. h4 f5 38. Re5 Bd6 39. Rxf5 Qxe6 40. Qc3+ Be5
41. Rxe5 1-0

[Event "FIDE Open A - Konik"]
[Site "?"]
[Date "2013.05.02"]
[Round "6.13"]
[White "Kuciel, Wladyslaw"]
[Black "Snyta, Zdenek"]
[Result "0-1"]
[ECO "E17"]
[WhiteElo "2033"]
[BlackElo "2081"]
[PlyCount "80"]
[EventDate "2013.??.??"]
[TimeControl "6000+945"]
[WhiteClock "1:23:11"]
[BlackClock "0:52:33"]

1. d4 Nf6 2. c4 e6 3. Nf3 b6 4. g3 Bb7 5. Bg2 Be7 6. Nc3 O-O 7. Qc2 d5 8. cxd5
Nxd5 9. e4 Nxc3 10. bxc3 c5 11. O-O cxd4 12. cxd4 Nc6 13. Bb2 Nb4 14. Qb1 Rc8
15. Rc1 Rxc1+ 16. Bxc1 Qc8 17. a3 Nc2 18. Ra2 Bxe4 19. Ne1 Bxg2 20. Rxc2 Be4
21. Rxc8 Bxb1 22. Rc7 Bf6 23. Be3 Ra8 24. Nf3 Bd8 25. Rd7 f6 26. d5 exd5 27.
Nd4 f5 28. Ne6 Bf6 29. Rxd5 Ba2 30. Rd6 Be5 31. Rd7 Bxe6 32. Re7 Bd6 33. Rxe6
Bxa3 34. Re5 g6 35. Rd5 Re8 36. Rd7 Re7 37. Rd8+ Kf7 38. Bg5 Rb7 39. Rh8 Ke6
40. Re8+ Kd5 0-1